Map: Site Delta LE

Players

marioOOOO

  • Race: Zerg Zerg
  • League: Gold
  • Spawn Location: 11:00

xBenx - Winner!

  • Race: Zerg Zerg
  • League: Gold
  • Spawn Location: 5:00

VOD

Have the link to the VOD?

Description

xBenx vs marioOOOO

Time

  • Played on: March 28, 2024, 9:46 p.m.
  • Length: 23:35
Show
View Real Time Build Order
Export as new Build Order

marioOOOO Zerg 

Build Orders: Pool First 

Get SALT Encoding   

  12  0:17  Spawning Pool  
  11  0:22  Drone  
  11  0:26  Drone  
  13  0:31  Drone  
  14  0:40  Overlord  
  14  1:04  Queen  
  14  1:05  Zergling x4  
  14  1:06  Zergling x2  
  19  1:17  Drone  
  20  1:33  Hatchery  
  20  1:39  Zergling x2  
  21  1:40  Zergling x2  
  21  1:47  Extractor  
  21  1:51  Queen  
  22  2:00  Overlord  
  21  2:30  Drone x5  
  22  2:45  Spine Crawler  
  22  2:49  Zergling x2  
  22  2:51  Zergling x2  
  22  2:56  Queen  
  22  2:58  Drone  
  26  3:00  Drone x2  
  26  3:02  Drone  
  29  3:19  Drone  
  31  3:20  Drone x2  
  31  3:25  Drone x2  
  32  3:46  Drone x2  
  30  4:04  Spine Crawler  
  30  4:09  Evolution Chamber  
  28  4:10  Drone x5  
  28  4:12  Queen  
  35  4:18  Drone  
  35  4:22  Overlord x3  
  36  4:39  Extractor, Drone  
  36  4:40  Drone x2  
  38  4:48  Drone x2, Queen  
  38  4:50  Drone  
  43  4:55  Extractor  
  42  5:02  Drone x2  
  42  5:03  Drone  
  45  5:09  Extractor  
  44  5:32  Drone x3  
  44  5:33  Drone  
  44  5:34  Drone  
  49  5:36  Lair  
  49  5:43  Zerg Melee Weapons Level 1  
  49  5:46  Drone x3  
  49  5:48  Drone  
  49  5:49  Drone x2  
  55  6:03  Hatchery  
  54  6:08  Drone  
  55  6:11  Drone  
  56  6:47  Hatchery  
  56  6:50  Spire  
  56  6:53  Queen  
  56  6:57  Drone x2  
  56  6:58  Drone  
  56  6:59  Hatchery  
  58  7:03  Drone x2  
  58  7:05  Overlord x4  
  58  7:07  Overlord  
  60  7:11  Hatchery  
  59  7:48  Zergling x18  
  68  8:02  Mutalisk  
  68  8:03  Mutalisk x12  
  94  8:12  Extractor  
  94  8:14  Queen  
  94  8:17  Drone  
  94  8:18  Drone  
  98  8:28  Mutalisk x2  
  71  9:50  Mutalisk x8  
  71  9:51  Mutalisk  
  79  10:31  Drone x3  
  79  10:32  Queen  
  67  10:59  Zerg Flyer Weapons Level 1  
  67  11:00  Queen  
  69  11:10  Drone  
  69  11:11  Drone x2  
  72  11:14  Zerg Melee Weapons Level 2  
  72  11:17  Drone x3  
  75  11:19  Drone x3  
  78  11:43  Hatchery  
  78  11:46  Hatchery  
  76  11:56  Hatchery  
  72  12:24  Queen  
  72  12:25  Drone  
  72  12:26  Drone x2  
  77  12:47  Extractor  
  77  12:48  Drone x5  
  77  12:49  Extractor  
  80  13:13  Mutalisk x14  
  108  13:21  Drone  
  108  13:22  Drone  
  108  13:26  Overlord x5  
  110  13:35  Zerg Flyer Weapons Level 2  
  97  14:14  Drone x3  
  100  14:35  Hatchery  
  98  14:46  Drone  
  98  14:47  Drone x3  
  98  14:48  Drone  
  69  15:46  Drone x2  
  69  15:47  Drone x2  
  73  15:53  Mutalisk x12  
  73  15:54  Mutalisk x4  
  73  15:57  Queen  
  85  16:33  Queen  
  85  16:35  Drone x2  
  85  16:36  Drone  
  85  16:38  Drone x2  
  85  16:39  Drone  
  75  18:31  Drone x3  
  75  18:32  Queen  
  80  18:35  Drone  
  80  18:36  Drone  
  82  18:41  Drone  
  82  18:42  Drone x2, Extractor x2  
  82  18:43  Drone x2  
  82  18:46  Queen  
  85  19:13  Hatchery  
  64  19:26  Hatchery  
  61  20:00  Overseer  
  61  20:07  Drone x3  
  61  20:08  Drone x3  
  50  20:53  Drone x3  
  50  20:56  Drone x3  
  56  20:58  Queen  
  56  21:00  Queen  
  60  21:11  Drone  
  57  21:31  Drone  
  57  21:32  Drone x2  
  58  21:42  Drone x3, Queen  
  26  22:20  Drone x3  
  29  22:31  Hatchery x2  
  27  22:43  Drone x2, Spawning Pool  
Show
View Real Time Build Order
Export as new Build Order

xBenx Zerg - Winner!

Build Orders: Hatch First 

Get SALT Encoding   

  12  0:02  Drone  
  13  0:13  Overlord  
  13  0:23  Drone  
  14  0:30  Extractor, Drone  
  14  0:52  Hatchery  
  14  0:54  Drone  
  14  1:09  Drone x2  
  16  1:14  Extractor  
  15  1:27  Drone  
  15  1:28  Spawning Pool  
  15  1:34  Drone  
  15  1:38  Drone  
  13  2:15  Zergling x2  
  13  2:16  Zergling x8  
  12  2:44  Drone  
  12  2:51  Drone  
  14  2:58  Drone  
  14  3:02  Drone  
  16  3:08  Drone  
  17  3:22  Drone x2  
  15  3:49  Zergling x12  
  15  3:54  Queen  
  23  4:04  Drone  
  23  4:08  Spine Crawler  
  23  4:18  Roach Warren  
  22  4:29  Overlord  
  22  4:32  Drone  
  22  4:35  Drone  
  24  4:45  Drone  
  24  4:46  Drone  
  24  4:50  Drone x2  
  28  5:04  Drone x2  
  28  5:05  Drone x2  
  32  5:12  Lair  
  32  5:18  Roach  
  34  5:34  Drone x2  
  36  5:39  Extractor  
  36  5:41  Overlord  
  35  5:43  Overlord  
  34  5:58  Queen  
  34  6:03  Drone x2  
  38  6:14  Drone x2  
  38  6:16  Queen  
  38  6:18  Hatchery  
  41  6:24  Overlord  
  41  6:26  Drone x2  
  41  6:27  Drone  
  44  6:34  Queen, Roach  
  48  6:45  Hydralisk Den  
  47  6:47  Spore Crawler  
  47  6:49  Drone x2, Spore Crawler  
  47  6:50  Drone  
  48  7:03  Zergling x4, Roach x2  
  54  7:37  Hydralisk x5  
  54  7:41  Overlord x2  
  64  7:45  Extractor, Grooved Spines  
  64  7:49  Evolution Chamber  
  64  7:50  Evolution Chamber  
  61  7:58  Overlord x2  
  61  8:14  Overlord  
  61  8:15  Glial Reconstitution  
  61  8:19  Drone x3  
  65  8:20  Drone  
  65  8:26  Drone  
  66  8:29  Drone x3  
  66  8:30  Drone x7  
  66  8:31  Drone x2  
  78  8:35  Muscular Augments  
  78  8:38  Overlord  
  78  8:59  Spore Crawler  
  78  9:00  Spore Crawler  
  78  9:02  Spore Crawler  
  63  9:09  Spore Crawler  
  61  9:15  Spore Crawler  
  61  9:16  Zerg Melee Weapons Level 1, Zerg Ground Armor Level 1  
  60  9:22  Zergling x10  
  59  9:36  Zergling x4, Hydralisk x2  
  59  9:37  Zergling x10  
  63  9:52  Spore Crawler  
  62  9:54  Drone x2  
  64  10:00  Spore Crawler  
  57  10:24  Hydralisk  
  57  10:25  Zergling x10, Roach  
  57  10:27  Drone x2  
  57  10:28  Drone  
  58  10:30  Drone  
  58  10:32  Drone  
  44  10:54  Drone x3  
  44  11:05  Spore Crawler  
  44  11:06  Spore Crawler  
  44  11:08  Drone x2  
  44  11:09  Drone  
  44  11:10  Spore Crawler  
  44  11:16  Drone x2, Spore Crawler  
  44  11:17  Drone x3  
  44  11:18  Zergling x4, Roach  
  52  11:27  Drone x2, Spore Crawler  
  52  11:32  Drone x2  
  55  11:38  Drone  
  53  12:01  Hydralisk x3  
  53  12:02  Zergling x12, Roach x3  
  66  12:15  Zergling x6, Hydralisk  
  63  12:16  Zergling x2, Roach  
  69  12:25  Spore Crawler  
  69  12:26  Spore Crawler  
  67  12:34  Zerg Missile Weapons Level 1  
  67  12:37  Extractor, Drone x3  
  67  12:38  Drone x5  
  74  12:50  Overlord  
  74  12:51  Extractor, Overlord x2  
  73  13:03  Tunneling Claws  
  73  13:12  Drone x2  
  75  13:13  Drone x3, Spore Crawler  
  77  13:33  Drone  
  84  13:34  Drone x8  
  86  13:44  Hydralisk x2  
  64  14:13  Infestation Pit, Drone x3  
  64  14:15  Queen x3  
  72  14:31  Extractor  
  72  14:32  Zerg Missile Weapons Level 2  
  72  14:33  Zerg Melee Weapons Level 2  
  72  14:36  Hatchery  
  72  14:37  Hydralisk  
  72  14:38  Zergling x12, Roach x2  
  80  14:39  Zergling x12, Roach  
  90  14:52  Spore Crawler  
  90  14:54  Overlord x2  
  90  14:55  Queen, Overlord  
  90  14:56  Overlord x3  
  90  14:57  Queen  
  89  15:04  Overseer  
  87  15:15  Spore Crawler x2  
  87  15:16  Spore Crawler  
  87  15:19  Burrow  
  79  15:25  Spore Crawler  
  79  15:27  Spore Crawler  
  76  15:31  Pneumatized Carapace, Spore Crawler  
  76  15:32  Spore Crawler  
  74  15:40  Hydralisk  
  74  15:41  Hydralisk x2  
  80  15:56  Drone  
  81  15:58  Spore Crawler x2  
  81  16:00  Spore Crawler  
  74  16:15  Zergling x2, Hydralisk  
  74  16:16  Zergling x2, Roach x3  
  78  16:18  Overseer  
  68  16:33  Drone x4  
  68  16:34  Drone  
  68  16:35  Metabolic Boost  
  73  16:41  Hive  
  73  16:51  Hydralisk x2  
  77  17:00  Spore Crawler  
  76  17:04  Spore Crawler  
  69  17:15  Zergling x6  
  72  17:21  Zerg Ground Armor Level 2  
  72  17:22  Hatchery  
  66  17:31  Drone x3  
  65  17:51  Zergling x4, Hydralisk x2, Roach x2  
  69  18:06  Drone  
  69  18:07  Nydus Network  
  69  18:09  Drone  
  69  18:10  Drone x4  
  68  18:15  Zergling x4  
  68  18:17  Drone x2  
  70  18:21  Spore Crawler  
  69  18:35  Extractor, Drone x5  
  69  18:41  Drone, Spore Crawler  
  72  18:42  Queen  
  75  19:14  Hydralisk x3  
  75  19:15  Zergling x10, Roach x4  
  93  19:20  Overlord  
  92  19:29  Drone x2  
  92  19:31  Overlord x2  
  89  19:40  Roach  
  89  19:41  Roach  
  89  19:49  Nydus Canal  
  89  19:51  Overseer  
  89  19:52  Zergling x8, Hydralisk x4, Roach x3  
  107  19:53  Zergling x2, Roach  
  107  19:59  Zerg Missile Weapons Level 3  
  110  20:04  Drone x3  
  113  20:11  Nydus Canal  
  99  20:28  Nydus Canal  
  99  20:33  Hydralisk x2  
  99  20:34  Zergling x10, Roach x3  
  109  20:38  Drone, Overlord x2  
  109  20:39  Drone x2  
  110  20:47  Nydus Canal  
  105  21:04  Roach, Overlord  
  105  21:05  Roach x3, Overlord  
  105  21:08  Zergling x2, Hydralisk x4  
  105  21:09  Zergling x8, Roach x3  
  124  21:13  Roach x3  
  124  21:16  Ultralisk Cavern  
  123  21:21  Extractor  
  123  21:22  Extractor  
  123  21:23  Spore Crawler  
  123  21:24  Spore Crawler  
  117  21:27  Nydus Canal  
  102  21:45  Nydus Canal  
  91  21:56  Hydralisk  
  91  22:02  Zergling x2, Hydralisk  
  91  22:03  Zergling x2, Roach x2, Ultralisk x3  
  109  22:11  Spore Crawler  
  109  22:12  Spore Crawler  
  107  22:27  Nydus Canal  
  107  22:45  Spine Crawler  
  106  23:01  Overlord x2  
  106  23:04  Drone x3  
  109  23:05  Drone  
  109  23:06  Drone x2  
  109  23:07  Drone  
  109  23:12  Drone x3  
  122  23:16  Nydus Canal  
  122  23:19  Spore Crawler  
Tags
 
Add a new tag
Caveats
  • Supply blocks, unpowered buildings, or Contaminate may cause inaccurate times.
  • Supply counts are checked every 10 seconds.